 Dungeon Crawl Stone Soup version 0.28.0-53-g5a82cb258f (webtiles) character file.

Game seed: 9962170135372351068

882 eooof the Cleaver (level 8, -4/74 HPs)
             Began as a Hill Orc Monk on June 29, 2022.
             Was a Believer of Beogh.
             Succumbed to a goblin's poison
             ... on level 4 of the Dungeon.
             The game lasted 00:15:19 (3028 turns).

eooof the Cleaver (Hill Orc Monk)                   Turns: 3028, Time: 00:15:21

Health: -4/74      AC:  8    Str: 16    XL:     8   Next: 5%
Magic:  14/17      EV:  7    Int: 10    God:    Beogh [**....]
Gold:   183        SH:  0    Dex: 13    Spells: 7/7 levels left

rFire   . . .      SeeInvis .   a - +0 hand axe (elec)
rCold   . . .      Faith    .   (no shield)
rNeg    . . .      Spirit   .   f - +0 chain mail
rPois   .          Reflect  .   (helmet restricted)
rElec   .          Harm     .   (no cloak)
rCorr   .          Rampage  .   (no gloves)
Will    .....                   (no boots)
Stlth   ..........              (no amulet)
HPRegen 0.22/turn               d - ring of magical power
MPRegen 0.15/turn               (no ring)

@: lethally poisoned (-4 -> -26)
A: antennae 1, noise suppression
a: Renounce Religion, Smiting


You were on level 4 of the Dungeon.
You worshipped Beogh.
Beogh was pleased with you.
You visited 1 branch of the dungeon, and saw 4 of its levels.

You collected 183 gold pieces.

Inventory:

Hand Weapons
 a - a +0 hand axe of electrocution (weapon)
Armour
 b - a +0 robe
 f - a +0 chain mail (worn)
Jewellery
 d - a ring of magical power (left hand)
 e - a ring of wizardry
 g - a +6 ring of dexterity
Scrolls
 c - a scroll of blinking {unknown}


   Skills:
 + Level 8.2 Fighting
 + Level 9.0 Axes
 - Level 2.6 Dodging
 - Level 2.0 Stealth


You had 7 spell levels left.
You didn't know any spells.
Your spell library was empty.

Dungeon Overview and Level Annotations

Branches:
Dungeon (4/15)
 Temple: D:4-7

Altars:
Elyvilon
Nemelex Xobeh
Okawaru
Vehumet
Yredelemnul


Innate Abilities, Weirdness & Mutations

You have a pair of small antennae on your head.
You passively dampen the noise of your surroundings.


Message History

Beogh accepts your kill.
You feel very sick.
The goblin hits you with a +2 dagger of venom.
You are lethally poisoned!
The hobgoblin hits you but does no damage.
You closely miss the goblin.
The goblin is moderately wounded.
You hit the hobgoblin.
* * * LOW HITPOINT WARNING * * *
You feel very sick. The goblin hits you but does no damage.
You are more poisoned.
The hobgoblin barely misses you.
You miss the goblin. Your punch misses the goblin.
The goblin is moderately wounded.
You barely miss the hobgoblin.
* * * LOW HITPOINT WARNING * * *
You feel very sick.
The goblin hits you with a +2 dagger of venom.
* * * LOW HITPOINT WARNING * * *
You are more poisoned.
You closely miss the goblin.
The goblin is moderately wounded.
You hit the hobgoblin.
You kill the hobgoblin!
Beogh accepts your kill.
* * * LOW HITPOINT WARNING * * *
You feel very sick.
* * * LOW HITPOINT WARNING * * *
You feel very sick.
The goblin unwields a +2 dagger of venom.
It stops dripping with poison.
The goblin wields a +0 hunting sling.
The goblin shoots a stone.
The stone barely misses you.
Aiming: Smiting
Press: ? - help, Dir - move target, f - goblin Smite: a goblin, wielding a +0 hunting sling and quivering stones (moderately wounded)
You smite the goblin!
You kill the goblin!
Beogh accepts your kill.
You die...

#...................##.#
####.### ####........#
#.......##.## .
#..###...).## ..
##.###.## #...#..#
####+####...#.#
##.#...#.##.## # #
#..'†.@'..#.#
#.##.#).)#.##.#
..####'####..# ..
#)))#...## #.##.##.###
#..#'#..# #.....##
###...# ##.##


There were no monsters in sight!

Vanquished Creatures
  Grinder (D:3)
  The ghost of Matrovsky the Cudgeller, an amateur TrFi (D:4)
  2 phantoms (D:4)
  A scorpion (D:3)
  A howler monkey (D:4)
  3 quasits (D:4)
  A hound (D:4)
  3 orc wizards (D:3)
  Robin (D:3)
  2 adders
  2 dart slugs
  6 orcs
  A ball python (D:4)
  5 endoplasms
  4 giant cockroaches
  20 goblins
  8 hobgoblins
  3 jackals
  11 kobolds
  2 quokkas
  8 bats
  A frilled lizard (D:3)
  2 rats (D:3)
89 creatures vanquished.

Vanquished Creatures (others)
  Ijyb (D:4)
  An orc (D:4)
  3 hobgoblins (D:4)
5 creatures vanquished.

Grand Total: 94 creatures vanquished

Notes
Turn   | Place    | Note
-------+----------+-------------------------------------------
     0 | D:1      | eooof the Hill Orc Monk began the quest for the Orb.
     0 | D:1      | Reached XP level 1. HP: 19/19 MP: 1/1
   156 | D:1      | Reached XP level 2. HP: 27/27 MP: 2/2
   753 | D:2      | Reached XP level 3. HP: 28/33 MP: 3/3
   785 | D:2      | Gained mutation: Your body sometimes deteriorates upon
                  | taking damage. [potion of mutation]
   785 | D:2      | Gained mutation: Your spells are a little easier to cast,
                  | but a little less powerful. [potion of mutation]
  1071 | D:3      | Reached skill level 5 in Axes
  1071 | D:3      | Reached XP level 4. HP: 33/41 MP: 4/4
  1149 | D:3      | Reached skill level 5 in Fighting
  1156 | D:3      | Lost mutation: Your spells are a little easier to cast, but
                  | a little less powerful. [potion of mutation]
  1156 | D:3      | Lost mutation: Your body sometimes deteriorates upon taking
                  | damage. [potion of mutation]
  1156 | D:3      | Gained mutation: You have a pair of small antennae on your
                  | head. [potion of mutation]
  1156 | D:3      | Gained mutation: You passively dampen the noise of your
                  | surroundings. [potion of mutation]
  1420 | D:3      | Found a white marble altar of Elyvilon.
  1421 | D:3      | Found a radiant altar of Vehumet.
  1421 | D:3      | Noticed Grinder
  1422 | D:3      | Found a sparkling altar of Nemelex Xobeh.
  1423 | D:3      | Paralysed by Grinder for 6 turns
  1433 | D:3      | Found an iron altar of Okawaru.
  1439 | D:3      | Paralysed by Grinder for 7 turns
  1457 | D:3      | Killed Grinder
  1458 | D:3      | Reached skill level 6 in Axes
  1458 | D:3      | Reached XP level 5. HP: 5/50 MP: 5/5
  1458 | D:3      | Reached XP level 6. HP: 6/57 MP: 6/6
  1663 | D:3      | Found a basalt altar of Yredelemnul.
  1849 | D:3      | Noticed Robin
  1867 | D:3      | Killed Robin
  2110 | D:3      | Reached skill level 7 in Axes
  2359 | D:4      | Reached XP level 7. HP: 38/64 MP: 7/7
  2524 | D:4      | Found a transporter.
  2527 | D:4      | Noticed Matrovsky's ghost (amateur TrFi)
  2539 | D:4      | Found a transporter.
  2566 | D:4      | Killed Matrovsky's ghost
  2567 | D:4      | Reached skill level 8 in Axes
  2834 | D:4      | Noticed Ijyb
  2877 | D:4      | Became a worshipper of Beogh the Brigand
  2877 | D:4      | Reached * piety under Beogh
  2877 | D:4      | Reached ** piety under Beogh
  2934 | D:4      | Killed Ijyb
  2953 | D:4      | Reached XP level 8. HP: 43/74 MP: 8/8
  3022 | D:4      | Reached skill level 9 in Axes
  3027 | D:4      | HP: 1/74 [poisoned by a goblin]
  3028 | D:4      | Succumbed to a goblin's poison

Illustrated notes

Levels and vault maps discovered:
D:1:      matt_arrival_grand_opening, layout_loops_ring,
          hellmonk_ecumenical_altar_leap_of_faith, minivault_4
D:2:      layout_basic, dk_noncrumbling_2
D:3:      minmay_chambers_of_threes, layout_loops_corners,
          grunt_temple_overflow_open, uniq_grinder, uniq_robin
D:4:      cheibrodos_greedy_goblins, layout_loops_cross,
          gammafunk_ghost_stat_death, grunt_decor_clamped, minmay_bent,
          uniq_ijyb

Skill      XL: |  1  2  3  4  5  6  7  8 |
---------------+-------------------------+-----
Stealth        | 2 |  2.0
Fighting       | 4 6 8 |  8.2
Axes           | 5 6 7 8 9 |  9.0
Dodging        | |  2.6

Action                   |  1- 3 |  4- 6 |  7- 9 || total
-------------------------+-------+-------+-------++-------
Melee: Hand axe          |    98 |    84 |    72 ||   254
       Punch             |     1 |     3 |     4 ||     8
       Unarmed           |       |       |     4 ||     4
Invok: Smiting           |       |       |     2 ||     2
       Convert to Beogh  |       |       |     1 ||     1
  Use: Scroll            |     4 |     1 |       ||     5
       Potion            |     3 |     5 |       ||     8
 Stab: Sleeping          |     1 |       |       ||     1
Armor: Robe              |    41 |       |       ||    41
       Chain mail        |    29 |    61 |    73 ||   163
       Skin              |       |       |    20 ||    20
Dodge: Dodged            |    83 |    31 |    50 ||   164
